Map: Invader LE

Players

blackxored

  • Race: Zerg Zerg
  • League: Platinum

Ivashization - Winner!

  • Race: Protoss Protoss
  • League: Diamond

VOD

Have the link to the VOD?

Description

Time

  • Played on: June 25, 2016, 4:15 p.m.
  • Length: 11:02
Show
View Real Time Build Order
Export as new Build Order

blackxored Zerg 

Build Orders: Hatch First 

Get SALT Encoding   

  12  0:01  Drone  
  13  0:08  Drone  
  14  0:17  Overlord  
  14  0:22  Extractor  
  14  0:23  Drone  
  15  0:37  Drone x2  
  17  0:52  Hatchery  
  17  0:55  Drone  
  17  0:59  Drone  
  18  1:09  Extractor  
  17  1:13  Spawning Pool  
  17  1:15  Drone  
  17  1:21  Drone  
  18  1:27  Drone  
  19  1:38  Overlord  
  19  1:55  Drone  
  20  2:02  Queen  
  20  2:03  Queen  
  20  2:05  Zergling x4  
  26  2:13  Metabolic Boost  
  26  2:20  Zergling x4  
  29  2:37  Zergling x8  
  29  2:43  Hatchery  
  31  2:52  Overlord  
  31  2:58  Queen  
  31  3:03  Drone  
  34  3:05  Drone  
  34  3:20  Zergling x8  
  38  3:37  Zergling x4  
  38  3:38  Drone x3  
  38  3:39  Drone  
  43  4:02  Lair  
  43  4:05  Evolution Chamber  
  43  4:07  Drone x4  
  43  4:09  Baneling Nest  
  42  4:18  Drone x2  
  42  4:22  Drone x4  
  48  4:24  Drone  
  49  4:31  Overlord  
  49  4:34  Zerg Melee Weapons Level 1  
  49  4:41  Spore Crawler  
  49  4:44  Spore Crawler, Drone  
  49  4:45  Drone  
  49  4:49  Spore Crawler  
  48  4:53  Drone  
  48  4:54  Spore Crawler  
  48  4:55  Drone  
  49  5:02  Spore Crawler  
  47  5:24  Hydralisk Den  
  47  5:25  Drone x4  
  47  5:26  Extractor  
  49  5:30  Drone x8  
  57  6:08  Overseer  
  57  6:14  Overlord  
  57  6:15  Overlord x4  
  54  6:38  Muscular Augments  
  54  6:39  Drone x6  
  59  6:42  Drone x2  
  59  6:43  Extractor, Drone x7  
  59  6:44  Extractor  
  66  6:47  Centrifical Hooks  
  66  6:48  Extractor, Zergling x2  
  66  6:49  Extractor  
  65  6:59  Hydralisk x3  
  71  7:01  Queen  
  71  7:02  Drone  
  71  7:04  Drone  
  75  7:12  Zergling x2  
  75  7:13  Zergling x8  
  75  7:15  Baneling x6  
  79  7:25  Baneling  
  79  7:28  Hydralisk, Spine Crawler  
  77  7:34  Hydralisk  
  78  7:44  Zergling x8  
  81  7:45  Overlord x4, Zergling x2  
  81  7:46  Overlord  
  81  7:49  Baneling x3  
  77  8:07  Baneling  
  77  8:08  Baneling x3  
  74  8:13  Zergling x2  
  74  8:14  Zergling x30  
  88  8:24  Zergling x4  
  82  8:29  Hydralisk  
  82  8:30  Hydralisk  
  83  8:38  Baneling  
  83  8:39  Baneling x2  
  83  8:41  Zergling x12  
  88  8:47  Zergling x2  
  89  8:49  Baneling x2  
  89  8:57  Zergling x2  
  89  8:58  Zergling x2  
  91  9:04  Baneling x2  
  91  9:05  Baneling  
  65  9:25  Hydralisk x2  
  65  9:28  Zergling x8  
  73  9:34  Hydralisk  
  73  9:42  Zergling x4  
  73  9:46  Baneling, Spine Crawler  
  73  9:47  Baneling x2  
  73  9:52  Zergling x4  
  74  9:53  Queen  
  74  9:54  Queen  
  76  10:06  Baneling x4  
  76  10:07  Baneling x3  
  73  10:13  Zergling x8  
  77  10:25  Hydralisk x3  
  78  10:44  Zergling x10  
Show
View Real Time Build Order
Export as new Build Order

Ivashization Protoss - Winner!

Build Orders: 1 Gate Expand 

Get SALT Encoding   

  12  0:01  Probe (Chrono Boost)  
  13  0:12  Probe (Chrono Boost)  
  14  0:20  Pylon  
  14  0:22  Probe (Chrono Boost)  
  15  0:38  Probe (Chrono Boost)  
  15  0:39  Gateway  
  16  0:51  Assimilator  
  16  0:52  Probe (Chrono Boost)  
  17  1:03  Probe (Chrono Boost)  
  18  1:13  Probe (Chrono Boost)  
  19  1:24  Nexus  
  19  1:34  Cybernetics Core  
  19  1:39  Assimilator  
  20  1:40  Probe (Chrono Boost)  
  20  1:52  Probe (Chrono Boost)  
  21  1:55  Pylon  
  21  2:03  Probe (Chrono Boost)  
  22  2:11  Warp Gate (Chrono Boost)  
  22  2:13  Adept  
  24  2:16  Probe (Chrono Boost)  
  25  2:27  Probe (Chrono Boost)  
  26  2:37  Probe (Chrono Boost)  
  26  2:38  Mothership Core (Chrono Boost)  
  26  2:42  Gateway  
  29  2:44  Gateway  
  29  2:48  Probe (Chrono Boost)  
  30  2:56  Probe (Chrono Boost)  
  32  2:58  Probe (Chrono Boost)  
  32  3:03  Pylon  
  32  3:07  Probe (Chrono Boost)  
  32  3:09  Probe (Chrono Boost)  
  34  3:17  Probe (Chrono Boost)  
  34  3:19  Probe (Chrono Boost)  
  36  3:29  Gateway  
  36  3:30  Stargate  
  36  3:32  Probe (Chrono Boost)  
  36  3:33  Stargate  
  36  3:34  Probe (Chrono Boost)  
  38  3:42  Probe (Chrono Boost)  
  38  3:44  Probe (Chrono Boost)  
  38  3:49  Gateway  
  38  3:57  Pylon  
  38  3:58  Pylon  
  38  4:00  Pylon  
  38  4:08  Probe  
  39  4:10  Probe  
  40  4:19  Adept  
  40  4:20  Adept x2  
  40  4:23  Phoenix x2 (Chrono Boost)  
  50  4:24  Probe  
  50  4:25  Probe  
  50  4:30  Assimilator  
  52  4:37  Probe  
  53  4:40  Pylon  
  53  4:43  Probe  
  53  4:45  Assimilator  
  54  4:47  Pylon  
  54  4:49  Phoenix (Chrono Boost), Probe  
  57  4:54  Phoenix (Chrono Boost)  
  57  4:55  Probe  
  60  5:01  Probe  
  63  5:14  Phoenix (Chrono Boost)  
  63  5:21  Pylon  
  63  5:22  Pylon  
  63  5:31  Pylon  
  62  5:43  Twilight Council  
  62  5:45  Phoenix (Chrono Boost)  
  62  5:46  Phoenix (Chrono Boost)  
  66  5:53  Adept x2  
  66  5:54  Adept x3  
  76  6:09  Pylon  
  76  6:10  Pylon  
  76  6:11  Pylon  
  76  6:13  Gateway  
  76  6:14  Gateway  
  76  6:17  Gateway  
  76  6:20  Adept x3  
  76  6:21  Adept  
  84  6:41  Adept x2  
  84  6:42  Adept x3  
  94  6:47  Phoenix (Chrono Boost)  
  94  6:50  Phoenix (Chrono Boost)  
  94  6:54  Resonating Glaives (Chrono Boost)  
  98  7:00  Robotics Facility  
  100  8:19  Warp Prism (Chrono Boost)  
  90  8:37  Phoenix  
  90  8:40  Phoenix  
  94  8:43  Adept  
  94  8:44  Adept x6  
  108  9:01  Nexus  
  108  9:03  Pylon  
  108  9:05  Pylon  
  108  9:07  Pylon  
  102  9:10  Pylon  
  81  9:24  Adept  
  81  9:25  Adept x2  
  81  9:26  Adept x3  
  81  9:27  Adept x2  
  93  10:04  Adept x4  
  93  10:05  Adept x4  
  109  10:26  Adept x2  
  109  10:27  Adept x3, Sentry x2  
  109  10:28  Sentry  
  99  11:01  Adept x4  
  99  11:02  Adept x3  
Tags
 
Add a new tag
Caveats
  • Supply blocks, unpowered buildings, or Contaminate may cause inaccurate times.
  • Supply counts are checked every 10 seconds.